 Dungeon Crawl Stone Soup version 0.31-a0-466-g98c9adc2b6 (webtiles) character file.

Game seed: 16748497592058994472

1800789 Midn8 the Intangible (level 26, 179/179 HPs)
             Began as a Deep Elf Shapeshifter on Aug 5, 2023.
             Was a High Priest of Cheibriados.
             Escaped with the Orb
             ... and 3 runes on Aug 6, 2023!
             The game lasted 04:20:42 (58949 turns).

Midn8 the Intangible (Deep Elf Shapeshifter)       Turns: 58949, Time: 04:20:42

Health: 179/179    AC: 24    Str: 37    XL:     26   Next: 9%
Magic:  42/42      EV: 54    Int: 34    God:    Cheibriados [*****.]
Gold:   4244       SH:  0    Dex: 41    Spells: 6/51 levels left

rFire   . . .        b - +9 longbow (drain)
rCold   . . .        (shield currently unavailable)
rNeg    . . .        V - +4 troll leather armour {Snorg}
rPois   .            F - +0 mask of the Dragon {Will+ Slay+3 SInv}
rElec   .            m - +2 cloak
rCorr   .            y - +4 pair of gloves "Hadibb" {rC- Str+7}
SInv    +            T - +2 pair of boots {Fly}
Will    +++++        E - amulet of regeneration
Stlth   ++           S - +4 ring of protection
HPRegen 2.09/turn    J - ring "Oguetegg" {Fly rC+ Will+ Str+4 Dex+6}
MPRegen 0.28/turn

%: no passive effects
@: flying, very slow
A: horns 1, iridescent scales 1, deformed body, strong-willed 1, inability to
drink after injury 1
0: Orb of Zot
}: 3/15 runes: serpentine, barnacled, silver
a: Renounce Religion, Bend Time, Temporal Distortion, Slouch, Step From Time


You escaped.
You worshipped Cheibriados.
Cheibriados was extremely pleased with you.
You visited 9 branches of the dungeon, and saw 47 of its levels.
You visited 1 bazaar.
You also visited: Ice Cave.

You collected 6716 gold pieces.
You spent 2472 gold pieces at shops.

Inventory:

Hand Weapons
 b - a +9 longbow of draining (weapon)
 H - a +2 orcbow
Missiles
 l - 33 curare-tipped darts
 v - 6 throwing nets
 z - 88 poisoned darts
Armour
 m - a +2 cloak (worn)
 n - the +1 pair of gloves "Louhoede" {rElec rC++ rN+}
   (You bought it in a shop on level 1 of the Snake Pit)

   rC:        It greatly protects you from cold.
   rElec:     It insulates you from electricity.
   rN:        It protects you from negative energy.
 y - the +4 pair of gloves "Hadibb" (worn) {rC- Str+7}
   (You found it on level 5 of the Dungeon)

   Str:       It affects your strength (+7).
   rC:        It makes you vulnerable to cold.
 F - the +0 mask of the Dragon (worn) {Will+ Slay+3 SInv}
   (You found it on level 2 of the Depths)

   Slay:      It affects your accuracy & damage with ranged weapons and melee
   (+3).
   SInv:      It lets you see invisible.
   Will:      It increases your willpower.
 T - a +2 pair of boots of flying (worn)
 V - a +4 troll leather armour (worn) {Snorg}
Jewellery
 g - a +6 ring of strength
 k - a ring of poison resistance
 o - an amulet of the acrobat
 E - an amulet of regeneration (around neck)
 J - the ring "Oguetegg" (right hand) {Fly rC+ Will+ Str+4 Dex+6}
   (You bought it in a shop on level 2 of the Snake Pit)

   [ring of dexterity]

   Str:       It affects your strength (+4).
   Dex:       It affects your dexterity (+6).
   rC:        It protects you from cold.
   Fly:       It grants you flight.
   Will:      It increases your willpower.
 K - the ring of Jayhagec {rF+ Str+7 Int-5}
   (You took it off a deep elf elementalist on level 3 of the Elven Halls)

   [ring of protection from fire]

   Str:       It affects your strength (+7).
   Int:       It affects your intelligence (-5).
   rF:        It protects you from fire.
 R - the ring of the Ancients {Int-3 Dex+6 Slay+4}
   (You found it on level 5 of the Vaults)

   [ring of dexterity]

   Int:       It affects your intelligence (-3).
   Dex:       It affects your dexterity (+6).
   Slay:      It affects your accuracy & damage with ranged weapons and melee
   (+4).
 S - a +4 ring of protection (left hand)
 X - an amulet of guardian spirit
 Z - a +6 ring of intelligence
Talismans
 c - a beast talisman
Wands
 d - a wand of flame (82)
 i - a wand of iceblast (16)
 j - a wand of paralysis (45)
 B - a wand of digging (12)
 M - a wand of mindburst (39)
 N - a wand of quicksilver (18)
 W - a wand of polymorph (42)
Scrolls
 a - 4 scrolls of blinking
 q - 6 scrolls of fog
 r - 6 scrolls of silence
 u - 9 scrolls of fear
 w - 4 scrolls of amnesia
 A - 6 scrolls of immolation
 C - 3 scrolls of summoning
 I - 21 scrolls of teleportation
Potions
 h - 2 potions of resistance
 p - 7 potions of might
 t - 4 potions of enlightenment
 x - a potion of mutation
 D - 3 potions of brilliance
 G - 4 potions of invisibility
 L - 11 potions of curing
 O - 8 potions of heal wounds
 P - 5 potions of berserk rage
 Y - 3 potions of ambrosia
Miscellaneous
 e - a lightning rod (4/4)
 f - a phantom mirror
 s - a box of beasts
 U - a phial of floods


   Skills:
 + Level 21.7 Fighting
 - Level 2.0 Short Blades
 - Level 20.0 Ranged Weapons
 - Level 6.0 Armour
 O Level 27 Dodging
 - Level 3.0 Stealth
 - Level 2.4 Unarmed Combat
 - Level 13.0 Spellcasting
 - Level 20.0 Summonings
 - Level 10.0 Necromancy
 - Level 8.0 Translocations
 - Level 6.0 Ice Magic
 - Level 6.0 Earth Magic
 - Level 12.0 Invocations
 - Level 15.0 Evocations
 - Level 3.2 Shapeshifting


You had 6 spell levels left.
You knew the following spells:

 Your Spells              Type           Power      Damage    Failure   Level
c - Borgnjor's Vile Clut  Necr/Erth      33%        N/A       2%          5
f - Frozen Ramparts       Ice            100%       1d16      1%          3
g - Monstrous Menagerie   Summ           51%        N/A       1%          7
h - Summon Hydra          Summ           51%        N/A       1%          7
r - Portal Projectile     Hex/Tloc       98%        N/A       1%          3
v - Summon Mana Viper     Hex/Summ       74%        N/A       1%          5
w - Passwall              Tmut/Erth      35%        N/A       1%          2
x - Summon Horrible Thin  Summ           51%        N/A       3%          8
z - Ozocubu's Armour      Ice            58%        N/A       1%          3
B - Blink                 Tloc           100%       N/A       1%          2

Your spell library contained the following spells:

 Spells                   Type           Power      Damage    Failure   Level
 Summon Small Mammal      Summ           100%       N/A       0%          1
 Call Imp                 Summ           100%       N/A       0%          2
 Call Canine Familiar     Summ           100%       N/A       0%          3
 Apportation              Tloc           100%       N/A       1%          1
 Foxfire                  Conj/Fire      88%        2x1d8     1%          1
 Freeze                   Ice            100%       1d10      1%          1
 Kiss of Death            Conj/Necr      100%       2d13      1%          1
 Magic Dart               Conj           88%        1d7       1%          1
 Necrotise                Necr           100%       1d9       1%          1
 Shock                    Conj/Air       88%        1d8       1%          1
 Sting                    Tmut/Pois      88%        1d7       1%          1
 Cigotuvi's Dreadful Rot  Necr/Pois/Air  88%        N/A       1%          2
 Ensorcelled Hibernation  Hex/Ice        84%        N/A       1%          2
 Momentum Strike          Conj/Tloc      98%        3d10      1%          2
 Sublimation of Blood     Necr           74%        N/A       1%          2
 Gell's Gravitas          Tloc           66%        N/A       1%          3
 Hailstorm                Conj/Ice       42%        3d10      1%          3
 Stone Arrow              Conj/Erth      84%        3d12      1%          3
 Summon Guardian Golem    Hex/Summ       74%        N/A       1%          3
 Teleport Other           Tloc           66%        N/A       1%          3
 Volatile Blastmotes      Fire/Tloc      98%        2d18      1%          3
 Animate Armour           Summ/Erth      100%       N/A       1%          4
 Dispel Undead            Necr           74%        3d25      1%          4
 Manifold Assault         Tloc           66%        N/A       1%          4
 Passage of Golubria      Tloc           66%        N/A       1%          4
 Summon Ice Beast         Ice/Summ       84%        N/A       1%          4
 Summon Lightning Spire   Summ/Air       74%        N/A       1%          4
 Anguish                  Hex/Necr       27%        N/A       2%          4
 Poisonous Vapours        Pois/Air       44%        N/A       3%          2
 Searing Ray              Conj           44%        2d6       3%          2
 Static Discharge         Conj/Air       44%        2-4/arc   3%          2
 Wereblood                Tmut           22%        N/A       3%          2
 Iskenderun's Mystic Bla  Conj/Tloc      49%        2d11      4%          4
 Lee's Rapid Deconstruct  Erth           29%        3d15*     4%          5
 Death Channel            Necr           37%        N/A       5%          6
 Dazzling Flash           Conj/Hex       44%        N/A       6%          3
 Ignite Poison            Fire/Tmut/Pois 22%        N/A       6%          3
 Inner Flame              Hex/Fire       22%        N/A       6%          3
 Mephitic Cloud           Conj/Pois/Air  22%        N/A       6%          3
 Swiftness                Air            22%        N/A       6%          3
 Leda's Liquefaction      Hex/Erth       21%        N/A       6%          4
 Dispersal                Tloc           33%        N/A       12%         6
 Simulacrum               Ice/Necr       33%        N/A       12%         6
 Airstrike                Air            11%        2d(2-18)  21%         4
 Cause Fear               Hex            11%        N/A       21%         4
 Flame Wave               Conj/Fire      22%        2d8       21%         4
 Fulminant Prism          Conj/Hex       11%        3d8       21%         4
 Olgreb's Toxic Radiance  Pois           22%        N/A       21%         4
 Sticky Flame             Conj/Fire      22%        2d4       21%         4
 Freezing Cloud           Conj/Ice/Air   17%        6-21      26%         5
 Alistair's Intoxication  Tmut/Pois      14%        N/A       50%         5
 Fireball                 Conj/Fire      11%        3d7       50%         5
 Irradiate                Conj/Tmut      11%        3d15      50%         5
 Iskenderun's Battlesphe  Conj           22%        2d8       50%         5
 Silence                  Hex/Air        11%        N/A       50%         5
 Yara's Violent Unravell  Hex/Tmut       11%        3d6       50%         5
 Leda's Unmaking          Conj/Erth      21%        9d4       67%         6
 Conjure Ball Lightning   Conj/Air       11%        3x3d6     97%         6
 Eringya's Noxious Bog    Tmut/Pois      11%        4d6       97%         6
 Plasma Beam              Fire/Air       11%        2x1d22    97%         6
 Starburst                Conj/Fire      11%        6d5       97%         6
 Malign Gateway           Summ/Tloc      43%        N/A       5%          7
 Spellforged Servitor     Conj/Summ      37%        N/A       28%         7
 Dragon's Call            Summ           51%        N/A       50%         9
 Ozocubu's Refrigeration  Ice            29%        4d13      83%         7
 Disjunction              Tloc           33%        N/A       99%         8
 Enfeeble                 Hex            11%        N/A       100%        7
 Orb of Destruction       Conj           11%        9d6       100%        7
 Discord                  Hex            11%        N/A       100%        8
 Ignition                 Fire           11%        3d5       100%        8
 Lehudib's Crystal Spear  Conj/Erth      21%        10d6      100%        8
 Maxwell's Capacitive Co  Air            11%        ∞         100%        8
 Chain Lightning          Conj/Air       11%        3d14      100%        9
 Fire Storm               Conj/Fire      11%        8d3       100%        9
 Polar Vortex             Ice            29%        12d3*     100%        9
 Shatter                  Erth           29%        3d24*     100%        9


Dungeon Overview and Level Annotations

Branches:
Dungeon (15/15)            Temple (0/1) D:4            Lair (5/5) D:11
 Shoals (4/4) Lair:2        Snake (4/4) Lair:2        Slime (0/5) Lair:4
    Orc (2/2) D:11            Elf (3/3) Orc:2        Vaults (5/5) D:14
  Crypt (0/3) Vaults:3     Depths (4/4) D:15            Zot (5/5) Depths:4
  IceCv (visited)

Altars:
Cheibriados
Kikubaaqudgha
Trog
Uskayaw
Wu Jian
Xom
Zin
Jiyva

Shops:
Orc:1 (   Orc:2 (*:[   Elf:1 (   Elf:2 =   Elf:3 ?   Snake:1 *   Snake:2 :=:
Snake:4 :[*(   Vaults:1 [[   Depths:1 =

Portals:
Hell: Depths:1 Depths:2 Depths:3 Depths:4
Abyss: Depths:3
Pandemonium: Depths:2
Ziggurat: Depths:4

Annotations:
Orc:2 1 exclusion
Elf:2 3 runed translucent doors, 1 exclusion


Innate Abilities, Weirdness & Mutations

You have a pair of small horns on your head.
You are partially covered in iridescent scales. (AC +2)
Armour fits poorly on your strangely shaped body.
You are strong-willed. (Will+)
You occasionally lose the ability to drink potions when taking damage.


Message History

You fly upwards.
There is a stone staircase leading down here.
There is a stone staircase leading down here.
You reach down and open the door.
There is an open door here.
The Orb Guardian hits you!!
You shoot an arrow. The arrow hits the Orb Guardian.
The Orb Guardian is lightly wounded.
The Orb Guardian completely misses you.
You shoot an arrow.
The arrow completely misses the Orb Guardian.
The Orb Guardian misses you.
You shoot an arrow.
The arrow completely misses the Orb Guardian.
The Orb Guardian hits you but does no damage.
You shoot an arrow. The arrow hits the Orb Guardian!
The Orb Guardian is lightly wounded.
The Orb Guardian completely misses you.
You shoot an arrow. The arrow hits the Orb Guardian!
You drain the Orb Guardian.
The Orb Guardian is moderately wounded.
The Orb Guardian completely misses you.
You shoot an arrow. The arrow hits the Orb Guardian!!
You drain the Orb Guardian!
The Orb Guardian is severely wounded.
The Orb Guardian completely misses you.
You shoot an arrow.
The arrow barely misses the Orb Guardian.
The Orb Guardian completely misses you.
You shoot an arrow.
The arrow hits the Orb Guardian but does no damage.
The Orb Guardian is severely wounded.
The Orb Guardian misses you.
You shoot an arrow. The arrow hits the Orb Guardian!!
You kill the Orb Guardian!
Cheibriados thoroughly appreciates the change of pace.
No target in view!
There is an open door here.
There is a staircase leading out of the dungeon here.
You have escaped!

#.# #.######.## ##.# ###.# #.#
##.## ##...## #.# ## ##.#######
#..#..# #.# #. .........#
##'###'#####.# #. .#######.#
#...#...#.##.#####. .# #.#
#...#.>.#.......... .# #.#
#...#...#.....####. .# #####.#
#.@.#.>.#.......... .# #.....#
#...#...#.#######.. .###.#####
#...#.>.#.# #.# ..##.#
#...#...#.# #.. #.##.#
##+###'##.# ##### #.##.#
#..##..#..# #....
#.##.##########.###.##..# #.#.#
#.##.#..........###.##..#####.#..
#.##.#.########...............###


There were no monsters in sight!

Vanquished Creatures
  A dread lich (Vaults:5)
  7 orbs of fire (Zot:5)
  3 ancient liches
  3 Killer Klowns (Zot:5)
  Margery (Vaults:5)
  Vv (Depths:4)
  Saint Roka (Vaults:3)
  6 caustic shrikes
  Bai Suzhen (Vaults:3)
  A shard shrike (Zot:2)
  A curse toe (Depths:4)
  7 golden dragons
  Norris (Depths:1)
  2 bone dragons
  A Tzitzimitl (D:12)
  An electric golem (Zot:5)
  The ghost of Joiny the Slayer, a veteran GrGl of Hepliaklqana (Depths:3)
  A Brimstone Fiend (Depths:4)
  Rupert (D:14)
  7 liches
  2 Ice Fiends
  4 titans
  7 tentacled monstrosities
  2 deep elf blademasters (Elf:3)
  2 deep elf master archers (Elf:3)
  24 Orb Guardians
  4 quicksilver dragons
  Asterion (Elf:1)
  A kraken (Shoals:3)
  An acid blob (Zot:2)
  A walking frostbound tome (Depths:3)
  An Executioner (D:3)
  8 death cobs
  5 sphinxes
  Polyphemus (Shoals:4)
  6 storm dragons
  A tengu reaver (Depths:2)
  A draconian monk (Depths:4)
  Donald (Shoals:3)
  5 shadow dragons
  2 nagarajas (Snake:4)
  2 iron dragons (Vaults:5)
  3 draconian knights
  9 fire giants
  7 frost giants
  A demonspawn warmonger (D:3)
  2 deep elf sorcerers
  5 draconian stormcallers
  7 deep elf elementalists
  3 draconian scorchers
  12 vault wardens
  2 ghost moths
  3 juggernaut zombies
  A draconian shifter (Zot:5)
  4 spriggan defenders
  18 very ugly things
  3 war gargoyles
  A reaper (Depths:4)
  10 stone giants
  2 orc warlords
  A draconian annihilator (Depths:4)
  A demonspawn corrupter (D:3)
  15 ironbound preservers
  4 deep elf annihilators
  7 deep elf demonologists
  6 ironbound thunderhulks
  4 vampire knights
  A formless jellyfish (Vaults:1)
  8 black draconians
  6 purple draconians
  Azrael (D:12)
  8 yellow draconians
  7 red draconians
  7 white draconians
  6 spark wasps (Depths:4)
  3 merfolk javelineers
  A dire elephant (Vaults:4)
  13 ettins
  8 deep elf death magi
  Snorg (D:10)
  3 merfolk impalers
  7 fire dragons
  14 yaktaur captains
  3 deep elf high priests
  4 great orbs of eyes
  3 ice dragons
  28 vault guards
  7 hydras
  5 salamander tyrants
  2 peacekeepers
  3 catoblepae
  A hell beast (D:3)
  2 ogre magi (Vaults:5)
  A quicksilver dragon skeleton (Depths:2)
  3 spriggan air magi
  A rakshasa (Depths:1)
  11 anacondas
  An alligator snapping turtle (Shoals:4)
  3 boulder beetles
  19 centaur warriors
  A merfolk avatar (Shoals:4)
  4 merfolk aquamancers
  15 dancing weapons
  An anaconda (shapeshifter) (Depths:1)
  7 ironbound frosthearts
  2 death knights
  3 two-headed ogres
  6 death yaks (Lair:4)
  6 deep troll earth magi
  9 deep troll shamans
  9 naga warriors
  An orc high priest (Orc:2)
  A titan zombie (Depths:2)
  9 tengu warriors
  8 spriggan berserkers
  A vampire mage (Vaults:3)
  14 shock serpents
  A shock serpent (shapeshifter) (Vaults:5)
  3 naga sharpshooters
  4 soul eaters
  20 hell knights
  Nergalle (D:12)
  14 deep elf knights
  3 skysharks
  4 sun demons (Shoals:2)
  7 spriggans
  A skeletal warrior (D:13)
  A cherub (D:3)
  7 salamander mystics
  3 sixfirhies (D:12)
  Amaemon (D:8)
  A goliath frog (Lair:5)
  17 iron trolls
  59 deep trolls
  A shadow demon (Depths:1)
  A flayed ghost (Depths:1)
  3 phantasmal warriors
  2 naga ritualists
  7 deep elf archers
  9 glowing orange brains
  12 sea snakes
  An orb spider (shapeshifter) (D:13)
  14 ironbound convokers
  18 lindwurms
  5 wizards
  A lindwurm (shapeshifter) (Vaults:5)
  16 harpies
  24 deep elf pyromancers
  6 orc knights
  20 ugly things
  15 necromancers
  24 deep elf zephyrmancers
  6 mana vipers
  A tengu skeleton (Vaults:2)
  11 fauns
  23 salamanders
  A frost giant zombie (Depths:2)
  5 orc sorcerers
  6 manticores
  A faun (shapeshifter) (Vaults:5)
  A fire giant zombie (Vaults:4)
  7 cyclopes
  8 large abominations (Depths:3)
  6 merfolk sirens
  17 vault sentinels
  8 elephants (Lair:5)
  8 guardian serpents
  4 nameless horrors
  A rust devil (D:12)
  7 moths of wrath
  25 black mambas
  A stone giant skeleton (Vaults:4)
  Joseph (D:8)
  10 naga magi
  A gargoyle (D:13)
  20 cane toads
  3 water nymphs
  3 eyes of devastation (Depths:4)
  2 orange demons
  A centaur zombie (D:15)
  3 unseen horrors
  A spark wasp simulacrum (Depths:3)
  A komodo dragon (shapeshifter) (D:13)
  Psyche (D:9)
  A hellion (Zot:5)
  7 komodo dragons
  2 tengu conjurers
  16 yaktaurs
  3 ice devils (D:12)
  A red devil (D:12)
  3 kobold demonologists
  Grinder (D:3)
  10 trolls
  2 tyrant leeches (Lair:5)
  8 hornets
  19 merfolk
  5 wind drakes
  A wolf spider simulacrum (D:15)
  A polar bear (Lair:5)
  2 polar bears (shapeshifter)
  A blink frog (shapeshifter) (D:13)
  2 human simulacra
  6 snapping turtles
  A stone giant simulacrum (Vaults:4)
  15 dream sheep
  11 blink frogs
  24 slime creatures
  Sigmund (D:2)
  2 shadows (D:11)
  A centaur simulacrum (D:15)
  2 vampires
  10 air elementals
  9 wyverns
  3 wraiths
  An elf zombie (Vaults:2)
  4 ynoxinuls (D:12)
  26 water elementals
  46 yaks
  10 fire elementals
  10 humans
  2 steam dragons
  12 vampire mosquitoes
  4 basilisks
  A yaktaur simulacrum (Vaults:2)
  2 neqoxecs
  3 chaos spawn
  A glowing shapeshifter zombie (Vaults:4)
  28 nagas
  An ogre zombie (Vaults:2)
  3 acid dragons
  A hell hound (D:12)
  A warg (Orc:1)
  19 water moccasins
  A floating eye (Depths:4)
  A floating eye (shapeshifter) (Vaults:5)
  A glowing shapeshifter skeleton (Vaults:4)
  28 orc warriors
  An ettin simulacrum (Vaults:5)
  2 human skeletons
  4 boggarts (Vaults:1)
  4 human zombies
  2 black bears
  4 small abominations (Depths:3)
  8 centaurs
  12 wolves
  10 ogres
  12 kobold brigands
  Blork the orc (D:4)
  16 bullfrogs
  2 earth elementals (Elf:2)
  6 gnoll sergeants
  6 scorpions
  8 wights
  3 killer bees (D:9)
  11 electric eels
  18 howler monkeys
  2 lava snakes (Snake:1)
  4 jellies
  16 orc priests
  A gnoll bouda (D:8)
  3 hounds
  3 quasits (D:12)
  4 iguanas
  A sleepcap (D:5)
  Natasha (thrice) (D:2)
  27 orc wizards
  12 gnolls
  10 adders
  A shadow imp (D:7)
  A dart slug (D:4)
  57 orcs
  11 endoplasms
  2 giant cockroaches
  7 goblins
  3 hobgoblins
  9 jackals (D:1)
  5 quokkas
  10 ball pythons
  7 bats
  6 frilled lizards
  37 kobolds
  8 rats
1825 creatures vanquished.

Vanquished Creatures (collateral kills)
  An orb of fire (Zot:5)
  A Killer Klown (Zot:5)
  2 curse toes
  A golden dragon (Vaults:5)
  A bone dragon (Zot:2)
  An electric golem (Zot:2)
  3 Orb Guardians (Zot:5)
  2 tentacled monstrosities
  A walking crystal tome (Depths:3)
  A quicksilver dragon (Zot:5)
  A titan (Shoals:4)
  A kraken (Shoals:3)
  A storm dragon (Vaults:5)
  A nagaraja (Snake:4)
  2 sphinxes
  Aizul (Snake:3)
  A tengu reaver (Vaults:5)
  4 shadow dragons
  Ilsuiw (Shoals:2)
  Roxanne (Shoals:1)
  A deep elf sorcerer (Elf:3)
  A fire giant (Vaults:5)
  An iron dragon (Zot:2)
  A caustic shrike zombie (Depths:3)
  A deep elf elementalist (Elf:3)
  3 vault wardens
  An orc warlord (Orc:2)
  4 ironbound preservers (Vaults:2)
  A draconian annihilator (Zot:5)
  A spriggan defender (Depths:3)
  A very ugly thing (Zot:2)
  A green draconian (Depths:4)
  A deep elf annihilator (Elf:3)
  A black draconian (Zot:5)
  A white draconian (Zot:5)
  A purple draconian (Zot:1)
  A red draconian (Zot:5)
  2 yellow draconians
  4 merfolk impalers (Shoals:4)
  6 merfolk javelineers
  A deep elf high priest (Elf:3)
  4 vault guards
  A hydra (Lair:5)
  The ghost of lessens the Severer, a journeyman DsFi of Okawaru (Lair:1)
  2 salamander tyrants (Snake:4)
  2 alligator snapping turtles (Shoals:4)
  An anaconda (Snake:2)
  A boulder beetle (Vaults:1)
  4 merfolk aquamancers
  3 merfolk avatars
  3 centaur warriors (Vaults:1)
  A spriggan air mage (Depths:1)
  2 death yaks (Shoals:4)
  A death knight (Vaults:3)
  A deep troll earth mage (Depths:1)
  A naga warrior (Snake:3)
  A deep troll shaman (Depths:4)
  A vampire mage (Vaults:3)
  3 shock serpents
  2 sun demons (Shoals:2)
  2 skysharks
  3 deep elf knights
  2 naga sharpshooters
  An iron troll (Depths:3)
  A sun moth (Shoals:2)
  A hell knight (Depths:3)
  2 salamander mystics (Snake:4)
  4 sea snakes
  A deep elf archer (Elf:1)
  3 naga ritualists
  A lindwurm (Snake:4)
  14 deep trolls
  3 harpies (Shoals:3)
  A necromancer (D:15)
  A deep elf zephyrmancer (Elf:1)
  3 orc knights
  An ironbound convoker (Vaults:2)
  3 deep elf pyromancers
  A tengu skeleton (Depths:3)
  6 ugly things
  7 fauns
  A cyclops (D:12)
  3 manticores
  The ghost of garrulousMonolith the Changeling, a novice OpSh (D:6)
  3 moths of wrath
  3 salamanders
  A guardian serpent (Snake:4)
  3 merfolk sirens
  4 water nymphs
  9 naga magi
  A vault sentinel (Vaults:2)
  7 black mambas
  A water nymph (shapeshifter) (Vaults:5)
  A cane toad (Lair:5)
  A centaur skeleton (D:15)
  A freezing wraith (Vaults:2)
  3 yaktaurs
  A troll (D:10)
  11 merfolk
  6 wind drakes
  A hornet (D:14)
  6 snapping turtles
  2 blink frogs (Lair:5)
  2 air elementals (Shoals:4)
  6 slime creatures
  3 spriggans (Lair:1)
  A centaur simulacrum (D:15)
  7 water elementals
  6 yaks
  6 humans
  2 vampire mosquitoes (Lair:5)
  9 nagas
  An acid dragon (D:9)
  2 water moccasins
  An orc warrior (D:8)
  A black bear (Lair:1)
  2 wolves (Lair:5)
  A bullfrog (Lair:5)
  9 kobold brigands
  3 orc priests
  4 orcs
  A spectral weapon (Elf:1)
  2 tentacles (Shoals:3)
298 creatures vanquished.

Vanquished Creatures (others)
  2 fire giants
  A death yak (Shoals:4)
  A deep elf archer (Elf:1)
  A deep elf zephyrmancer (Elf:1)
  13 tentacles (Shoals:3)
18 creatures vanquished.

Grand Total: 2141 creatures vanquished

Notes
Turn   | Place    | Note
-------+----------+-------------------------------------------
     0 | D:1      | Midn8 the Deep Elf Shapeshifter began the quest for the
                  | Orb.
     0 | D:1      | Reached XP level 1. HP: 11/11 MP: 3/3
    26 | D:1      | Reached skill level 1 in Fighting
   128 | D:1      | Reached XP level 2. HP: 10/17 MP: 4/4
   525 | D:1      | Reached XP level 3. HP: 22/22 MP: 5/5
  1235 | D:2      | Reached skill level 1 in Stealth
  1287 | D:2      | Found an ancient bone altar of Kikubaaqudgha.
  1310 | D:2      | Reached XP level 4. HP: 28/28 MP: 6/6
  1352 | D:2      | Noticed Natasha
  1361 | D:2      | Killed Natasha
  1478 | D:2      | Noticed Sigmund
  1784 | D:2      | Noticed Natasha
  1798 | D:2      | HP: 1/28 [Natasha (8)]
  1804 | D:2      | Killed Natasha
  1805 | D:2      | Reached skill level 1 in Short Blades
  2085 | D:2      | Noticed Natasha
  2098 | D:2      | Killed Natasha
  2099 | D:2      | Reached XP level 5. HP: 14/32 MP: 7/7
  2440 | D:3      | Reached skill level 3 in Dodging
  2525 | D:3      | Found a snail-covered altar of Cheibriados.
  2541 | D:3      | Became a worshipper of Cheibriados the Contemplative
  2608 | D:3      | Reached skill level 4 in Dodging
  2872 | D:3      | Noticed Grinder
  2899 | D:3      | Killed Grinder
  2900 | D:3      | Reached XP level 6. HP: 33/39 MP: 8/8
  2959 | D:3      | Learned a level 1 spell: Freeze
  2980 | D:4      | Noticed Blork the orc
  3132 | D:4      | Found a staircase to the Ecumenical Temple.
  3179 | D:4      | Reached XP level 7. HP: 41/44 MP: 9/9
  3401 | D:4      | Reached * piety under Cheibriados
  3421 | D:4      | Learned a level 3 spell: Frozen Ramparts
  3697 | D:5      | Entered Level 5 of the Dungeon
  4022 | D:5      | Reached skill level 1 in Ranged Weapons
  4205 | D:5      | Identified the +4 pair of gloves "Hadibb" {rC- Str+7}
  4456 | D:6      | Reached ** piety under Cheibriados
  4511 | D:6      | Reached XP level 8. HP: 48/48 MP: 13/13
  4596 | D:6      | Reached skill level 5 in Ranged Weapons
  4806 | D:6      | Reached skill level 1 in Invocations
  4812 | D:6      | Found a runed translucent gate.
  4813 | D:6      | Found a runed translucent gate.
  4814 | D:6      | Found a runed translucent gate.
  4814 | D:6      | Noticed a kobold demonologist
  4814 | D:6      | Noticed garrulousMonolith's ghost (novice OpSh)
  5504 | D:7      | Reached skill level 5 in Fighting
  5526 | D:7      | Reached *** piety under Cheibriados
  5610 | D:7      | Noticed a hornet
  5613 | D:7      | Reached XP level 9. HP: 42/55 MP: 14/14
  5623 | D:7      | Reached skill level 5 in Dodging
  6110 | D:7      | Reached skill level 6 in Dodging
  6502 | D:8      | Reached skill level 10 in Ranged Weapons
  6502 | D:8      | Noticed Joseph
  6521 | D:8      | Killed Joseph
  6657 | D:8      | Noticed Amaemon
  6657 | D:8      | Noticed an orange demon
  6691 | D:8      | Killed an orange demon
  6875 | D:8      | Gained mutation: Your mind is acute. (Int +4, Str/Dex -1)
                  | [potion of mutation]
  6880 | D:8      | Learned a level 3 spell: Hailstorm
  6909 | D:8      | Learned a level 4 spell: Summon Ice Beast
  6945 | D:8      | Reached **** piety under Cheibriados
  6948 | D:8      | Reached XP level 10. HP: 64/64 MP: 15/15
  7031 | D:8      | Killed Amaemon
  7489 | D:9      | Noticed Psyche
  7495 | D:9      | Killed Psyche
  7683 | D:8      | Reached skill level 5 in Invocations
  7898 | D:8      | Reached skill level 7 in Dodging
  8508 | D:8      | Reached skill level 8 in Dodging
  9384 | D:10     | Entered Level 10 of the Dungeon
  9611 | D:10     | Reached skill level 1 in Evocations
  9993 | D:10     | Noticed Snorg
 10055 | D:10     | Reached XP level 11. HP: 69/69 MP: 1/16
 10060 | D:10     | Killed Snorg
 10354 | D:10     | Reached skill level 5 in Evocations
 10656 | D:11     | Found a staircase to the Orcish Mines.
 10829 | D:11     | Reached ***** piety under Cheibriados
 11184 | D:11     | Reached skill level 5 in Ice Magic
 11297 | D:11     | Found a staircase to the Lair.
 11825 | Lair:1   | Entered Level 1 of the Lair of Beasts
 11879 | Lair:1   | Found a transporter.
 11960 | Lair:1   | Found a transporter.
 11994 | Lair:1   | Reached XP level 12. HP: 76/77 MP: 13/17
 12000 | Lair:1   | Reached skill level 10 in Fighting
 12000 | Lair:1   | Reached ****** piety under Cheibriados
 12011 | Lair:1   | Reached skill level 9 in Dodging
 12148 | Lair:1   | Found a bloodstained altar of Trog.
 12148 | Lair:1   | Noticed lessens's ghost (journeyman DsFi)
 12559 | Lair:2   | Found a staircase to the Snake Pit.
 12590 | Lair:2   | Noticed an eight-headed hydra
 12601 | Lair:2   | Killed an eight-headed hydra
 12602 | Lair:2   | Reached skill level 10 in Dodging
 12682 | Lair:2   | Found a frozen archway.
 12810 | IceCv    | Entered an ice cave
 12838 | Lair:2   | Noticed a catoblepas
 12851 | Lair:2   | Killed a catoblepas
 12998 | Lair:2   | Noticed a six-headed hydra
 13004 | Lair:2   | Killed a six-headed hydra
 13044 | Lair:2   | Reached skill level 15 in Ranged Weapons
 13089 | Lair:2   | Found a staircase to the Shoals.
 13799 | Lair:3   | You fall into a shaft and drop 2 floors!
 13799 | Lair:5   | Entered Level 5 of the Lair of Beasts
 13824 | Lair:5   | Reached skill level 11 in Dodging
 13853 | Lair:5   | Reached XP level 13. HP: 82/82 MP: 5/18
 13865 | Lair:5   | Reached skill level 12 in Dodging
 14139 | Lair:4   | Reached skill level 5 in Spellcasting
 14408 | Lair:4   | Reached skill level 13 in Dodging
 14949 | Lair:4   | Reached skill level 14 in Dodging
 15029 | Lair:4   | Found a staircase to the Slime Pits.
 15030 | Lair:4   | Found a viscous altar of Jiyva.
 15720 | Lair:5   | Reached XP level 14. HP: 76/90 MP: 11/23
 16570 | Lair:5   | Reached skill level 5 in Summonings
 17160 | D:12     | Reached skill level 1 in Armour
 17255 | D:12     | Noticed Nergalle
 17364 | D:12     | Noticed Azrael
 17372 | D:12     | Killed Azrael
 17387 | D:12     | Killed Nergalle
 17610 | D:12     | Learned a level 3 spell: Portal Projectile
 18226 | Orc:1    | Entered Level 1 of the Orcish Mines
 18258 | Orc:1    | Found Fajoriza's Antique Weapon Shoppe.
 18337 | Orc:1    | Found a transporter.
 18338 | Orc:1    | Noticed an orc warlord
 18388 | Orc:1    | Found an ornate altar of the Wu Jian Council.
 18479 | Orc:1    | Found a transporter.
 18483 | Orc:1    | Found an ornate altar of the Wu Jian Council.
 18484 | Orc:1    | Found a transporter.
 18513 | Orc:1    | Found a transporter.
 18825 | Orc:2    | Entered Level 2 of the Orcish Mines
 19228 | Orc:2    | Noticed an orc warlord
 19244 | Orc:2    | Killed an orc warlord
 19502 | Orc:2    | Found a staircase to the Elven Halls.
 19745 | Orc:2    | Found Piarph's Antique Armour Boutique.
 19749 | Orc:2    | Found Pit Fiar's General Store.
 19757 | Orc:2    | Bought 3 scrolls of enchant armour for 360 gold pieces
 19817 | Orc:2    | Found Zeplani's Antique Weapon Boutique.
 19841 | Orc:2    | Found Uvuucacy's Book Boutique.
 20518 | D:13     | Found a runed translucent door.
 20526 | D:13     | Reached skill level 10 in Summonings
 20526 | D:13     | Reached XP level 15. HP: 96/96 MP: 24/24
 20534 | D:13     | Learned a level 7 spell: Monstrous Menagerie
 20747 | D:13     | Found a runed translucent door.
 20830 | D:14     | Noticed Rupert
 20830 | D:14     | Found a gate to the Vaults.
 20951 | Snake:1  | Entered Level 1 of the Snake Pit
 21236 | Snake:1  | Found Lusisor's General Store.
 21391 | Snake:1  | Bought a potion of invisibility for 96 gold pieces
 21391 | Snake:1  | Bought the +1 pair of gloves "Louhoede" {rElec rC++ rN+}
                  | for 542 gold pieces
 21984 | Snake:2  | Reached XP level 16. HP: 101/101 MP: 26/29
 22032 | Snake:2  | Found Tudiot's Book Emporium.
 22032 | Snake:2  | Found Fucuyras's Jewellery Shop.
 22033 | Snake:2  | Found Wiup's Book Emporium.
 22047 | Snake:2  | Bought the ring "Oguetegg" {Fly rC+ Will+ Str+4 Dex+6} for
                  | 859 gold pieces
 24072 | Snake:3  | Noticed Aizul
 24085 | Snake:3  | Killed Aizul
 24352 | Snake:4  | Entered Level 4 of the Snake Pit
 24532 | Snake:4  | Found Teegiomn's Weapon Shoppe.
 24535 | Snake:4  | Found Genaarr's Assorted Antiques.
 24535 | Snake:4  | Found Myigihel's Antique Armour Emporium.
 24546 | Snake:4  | Found Quzis's Book Emporium.
 24555 | Snake:4  | Bought a pair of twisted boots for 209 gold pieces
 24555 | Snake:4  | Identified the +0 pair of boots "Jaggef" {Int+5 Dex+3} (You
                  | bought it in a shop on level 4 of the Snake Pit)
 24587 | Snake:4  | Reached skill level 5 in Armour
 24740 | Snake:4  | Reached XP level 17. HP: 109/111 MP: 30/30
 25206 | Snake:4  | Reached skill level 10 in Invocations
 25781 | Snake:4  | Reached skill level 15 in Dodging
 26142 | Snake:4  | Reached skill level 16 in Dodging
 26386 | Snake:4  | Reached skill level 17 in Dodging
 26397 | Snake:4  | Got a serpentine rune of Zot
 26884 | D:14     | Reached skill level 18 in Dodging
 27099 | D:14     | Killed Rupert
 27880 | D:15     | Entered Level 15 of the Dungeon
 28014 | D:15     | Reached skill level 19 in Dodging
 28084 | D:15     | Found a staircase to the Depths.
 28341 | D:15     | Reached XP level 18. HP: 116/116 MP: 31/31
 28413 | D:15     | Found a shimmering altar of Xom.
 28417 | D:15     | Found a shimmering altar of Xom.
 28417 | D:15     | Found a shimmering altar of Xom.
 28418 | D:15     | Found a shimmering altar of Xom.
 28428 | D:15     | Found a shimmering altar of Xom.
 29119 | Shoals:1 | Entered Level 1 of the Shoals
 29151 | Shoals:1 | Reached skill level 20 in Dodging
 29644 | Shoals:1 | Identified the orb "Cuvvuf" {mayhem, MP+9 Str+6}
 30004 | Shoals:1 | Noticed Roxanne
 30028 | Shoals:1 | Killed Roxanne
 30681 | Shoals:2 | Reached skill level 10 in Evocations
 30709 | Shoals:2 | Reached skill level 1 in Translocations
 31436 | Shoals:3 | Noticed Ilsuiw
 31507 | Shoals:3 | Noticed Donald
 31639 | Shoals:2 | Killed Ilsuiw
 31838 | Shoals:3 | Reached skill level 5 in Translocations
 32106 | Shoals:3 | Killed Donald
 33423 | Snake:4  | Bought a runed cloak for 165 gold pieces
 33789 | Shoals:4 | Entered Level 4 of the Shoals
 34143 | Shoals:4 | Reached skill level 10 in Spellcasting
 34441 | Shoals:4 | Reached XP level 19. HP: 106/121 MP: 35/35
 34508 | Shoals:4 | Noticed Polyphemus
 34536 | Shoals:4 | Killed Polyphemus
 34694 | Shoals:4 | Paralysed by an air elemental for 1 turns
 34859 | Shoals:4 | Found a glowing silver altar of Zin.
 35769 | Shoals:4 | Identified the staff of Fresh Indomitability {rElec rF+
                  | Str+4 Fire}
 35773 | Shoals:4 | Got a barnacled rune of Zot
 36115 | Elf:1    | Entered Level 1 of the Elven Halls
 36126 | Orc:2    | Reached skill level 21 in Dodging
 36536 | Elf:1    | Noticed Asterion
 36556 | Elf:1    | Killed Asterion
 37125 | Elf:1    | Found Lysoos's Weapon Emporium.
 37559 | Elf:1    | Got the Tome of Combat Magic and the Commander
 37793 | Elf:2    | Found a runed translucent gate.
 37793 | Elf:2    | Found a runed translucent gate.
 37793 | Elf:2    | Found a runed translucent gate.
 38104 | Elf:2    | Found Reechile's Jewellery Shop.
 38124 | Elf:2    | Identified the +2 cloak of the Moon Troll {rElec Will-
                  | Dex+3 SInv}
 38126 | Elf:2    | Identified the +2 hand axe "Worm's Wrath" {flame, rPois
                  | rN+}
 38361 | Elf:3    | Entered Level 3 of the Elven Halls
 38572 | Elf:3    | Identified the ring of Jayhagec {rF+ Str+7 Int-5}
 38754 | Elf:3    | Identified the +1 chain mail "Fottaestri" {Harm Str-2
                  | Stlth+}
 38766 | Elf:3    | Reached XP level 20. HP: 86/127 MP: 18/36
 38790 | Elf:3    | Paralysed by an air elemental for 1 turns
 39112 | Elf:3    | Found Jadar's Magic Scroll Boutique.
 39135 | Elf:3    | Bought a scroll of fear for 64 gold pieces
 39135 | Elf:3    | Bought a scroll of teleportation for 48 gold pieces
 39135 | Elf:3    | Bought a scroll of teleportation for 48 gold pieces
 39135 | Elf:3    | Bought a scroll of teleportation for 48 gold pieces
 39157 | Elf:3    | Identified the ring "Jeasom" {+Blink rPois rC+ Str+2 Dex-4}
 39766 | Elf:3    | Got the Spellbook of Bad Luck and the Tektite
 39791 | Elf:3    | Identified the +0 arbalest "Ympimn" {penet, rCorr}
 39868 | Elf:3    | Got the Quarto of Blasting
 39946 | Elf:3    | Got the Precepts of Arctic Obstruction
 39980 | Elf:3    | Learned a level 3 spell: Ozocubu's Armour
 40286 | Vaults:1 | Entered Level 1 of the Vaults
 40369 | Vaults:1 | Found a flickering gateway to a bazaar.
 40377 | Bazaar   | Entered a bazaar
 40379 | Bazaar   | Found Puegay's Book Boutique.
 40383 | Bazaar   | Found Poejap's General Store.
 40383 | Bazaar   | Found Goareown's Antique Weapon Boutique.
 40384 | Bazaar   | Found Justynonk's Weapon Boutique.
 40419 | Bazaar   | Bought a scroll of teleportation for 33 gold pieces
 40505 | Vaults:1 | Reached skill level 15 in Fighting
 41019 | Vaults:1 | Found Nyf Dugoysh's Armour Boutique.
 41020 | Vaults:1 | Found Garuqyrch's Antique Armour Shop.
 41238 | Vaults:1 | Identified the +0 robe of Baogeelua {*Corrode rElec Dex+3
                  | Archmagi}
 42240 | Vaults:2 | Reached skill level 15 in Summonings
 42321 | Vaults:2 | Reached XP level 21. HP: 136/136 MP: 34/37
 42412 | Vaults:2 | Reached skill level 22 in Dodging
 42853 | Vaults:2 | You are sucked into a shaft and drop 1 floor!
 42949 | Vaults:2 | Found the +16 obsidian axe {drain, demonic, Mesm Drain Fly
                  | SInv}
 43330 | Vaults:2 | Reached skill level 23 in Dodging
 43822 | Vaults:3 | Noticed Saint Roka
 43832 | Vaults:3 | Killed Saint Roka
 43884 | Vaults:3 | Noticed Bai Suzhen
 43894 | Vaults:3 | Killed Bai Suzhen
 43906 | Vaults:3 | Reached skill level 24 in Dodging
 44101 | Vaults:3 | Identified the +0 pair of gloves "Luffuny" {Int+3}
 44266 | Vaults:3 | Found a staircase to the Crypt.
 45215 | Vaults:4 | Identified the +1 ring mail of Nemelex Xobeh's Esteem
                  | {Drain rElec rPois rC+}
 45356 | Vaults:4 | Identified the +8 mace "Bur Oblu" {freeze, *Rage Str+2
                  | Int+4}
 45702 | Vaults:4 | Got Hutu's Compendium of Violent Virulence
 46105 | Depths:1 | Entered Level 1 of the Depths
 46278 | Depths:1 | Noticed Norris
 46295 | Depths:1 | Killed Norris
 46317 | Depths:1 | Reached XP level 22. HP: 146/146 MP: 38/38
 46361 | Depths:1 | Found Veph's Jewellery Emporium.
 46907 | Depths:1 | Found a gateway to Hell.
 46925 | Depths:1 | Found a bloodstained altar of Trog.
 47472 | Depths:2 | Identified the +1 scale mail "Jaroolig" {rF+}
 47521 | Depths:2 | Noticed a caustic shrike
 47533 | Depths:2 | Killed a caustic shrike
 47694 | Depths:2 | Found the +0 mask of the Dragon {Will+ Slay+3 SInv}
 47755 | Depths:2 | Learned a level 5 spell: Summon Mana Viper
 48019 | Depths:2 | Found a one-way gate leading to the halls of Pandemonium.
 48179 | Depths:1 | Learned a level 2 spell: Passwall
 48709 | Depths:3 | Noticed a golden dragon
 48966 | Depths:2 | Learned a level 7 spell: Summon Hydra
 49148 | Depths:3 | Killed a golden dragon
 49245 | Depths:3 | Noticed a caustic shrike
 49255 | Depths:3 | Killed a caustic shrike
 49433 | Depths:3 | Learned a level 5 spell: Borgnjor's Vile Clutch
 49485 | Depths:3 | Reached skill level 1 in Necromancy
 49507 | Depths:3 | Reached skill level 1 in Earth Magic
 49924 | Depths:3 | Found a one-way gate to the infinite horrors of the Abyss.
 49997 | Depths:3 | Found a runed translucent door.
 49999 | Depths:3 | Found a shimmering altar of Xom.
 49999 | Depths:3 | Noticed Joiny's ghost (veteran GrGl)
 50002 | Depths:3 | Identified the +10 scimitar "Bimiach" {chaos, *Slow Will+
                  | Str+2 Stlth+}
 50341 | D:2      | Killed Sigmund
 50384 | D:4      | Killed Blork the orc
 50494 | D:6      | Killed garrulousMonolith's ghost
 50755 | D:13     | Reached skill level 5 in Necromancy
 50767 | D:13     | Reached XP level 23. HP: 156/156 MP: 39/39
 50797 | D:13     | Learned a level 2 spell: Blink
 51007 | Lair:1   | Killed lessens's ghost
 51533 | Depths:3 | Killed Joiny's ghost
 51699 | Depths:4 | Entered Level 4 of the Depths
 51833 | Depths:4 | Reached skill level 5 in Earth Magic
 52117 | Depths:4 | Found a gate to the Realm of Zot.
 52219 | Depths:4 | Found a one-way gateway to a ziggurat.
 52441 | Depths:4 | Reached skill level 10 in Necromancy
 52960 | Depths:4 | Noticed a caustic shrike
 52961 | Depths:4 | Noticed a caustic shrike
 52966 | Depths:4 | Noticed a caustic shrike
 52975 | Depths:4 | Killed a caustic shrike
 52982 | Depths:4 | Noticed a caustic shrike
 52989 | Depths:4 | Killed a caustic shrike
 52991 | Depths:4 | Killed a caustic shrike
 52992 | Depths:4 | Killed a caustic shrike
 53006 | Depths:4 | Found a hide-covered altar of Uskayaw.
 53576 | Vaults:5 | Entered Level 5 of the Vaults
 53656 | Vaults:5 | Noticed Margery
 53662 | Vaults:5 | Noticed a dread lich
 53843 | Vaults:5 | Reached skill level 25 in Dodging
 53865 | Vaults:5 | Noticed an ancient lich
 53873 | Vaults:5 | Killed an ancient lich
 54029 | Vaults:5 | Got the Vademecum on Hindering Hypothermia
 54072 | Vaults:5 | Learned a level 8 spell: Summon Horrible Things
 54132 | Vaults:5 | Identified the ring of the Ancients {Int-3 Dex+6 Slay+4}
 54191 | Vaults:5 | Identified the +2 shortbow of Righteous Anger {flame, rN+
                  | Will- Str+3}
 54243 | Vaults:5 | Reached XP level 24. HP: 163/163 MP: 42/42
 54358 | Vaults:5 | Got the Excursus on Icy Translocation
 54385 | Vaults:5 | Killed a dread lich
 54459 | Vaults:5 | Identified the +2 robe of Reason {rPois rF+ rN++ Regen+}
 54644 | Vaults:5 | Got a silver rune of Zot
 54957 | Vaults:5 | Identified the staff "Zyashoid" {Drain rPois rF+ Int+4
                  | Dex+2 Fire}
 54963 | Vaults:5 | Identified the +6 buckler "Put-Me-On" {rPois rF+ Int+3
                  | Slay-6}
 54989 | Vaults:5 | Killed Margery
 55568 | Zot:1    | Entered Level 1 of the Realm of Zot
 55577 | Zot:1    | Noticed Vv
 55913 | Depths:4 | Killed Vv
 56237 | Zot:2    | Noticed a shard shrike
 56248 | Zot:2    | Killed a shard shrike
 56353 | Zot:2    | Reached skill level 26 in Dodging
 56525 | Zot:2    | Noticed an ancient lich
 56536 | Zot:2    | Killed an ancient lich
 56547 | Zot:2    | Reached XP level 25. HP: 126/168 MP: 30/42
 56564 | Zot:2    | Reached skill level 27 in Dodging
 56921 | Zot:4    | Identified the +1 plate armour of Catatonia {rElec rC++
                  | rN+}
 56940 | Zot:5    | Entered Level 5 of the Realm of Zot
 57197 | Zot:5    | Noticed an orb of fire
 57197 | Zot:5    | Noticed an orb of fire
 57203 | Zot:5    | Killed an orb of fire
 57203 | Zot:5    | Gained mutation: You sometimes lose your temper in combat.
                  | [an orb of fire]
 57205 | Zot:5    | Gained mutation: Your body sometimes deteriorates upon
                  | taking damage. [an orb of fire]
 57212 | Zot:5    | Killed an orb of fire
 57275 | Zot:5    | Noticed an ancient lich
 57285 | Zot:5    | Killed an ancient lich
 57300 | Zot:5    | Noticed an orb of fire
 57306 | Zot:5    | Gained mutation: You are clumsy. (Dex -2) [an orb of fire]
 57313 | Zot:5    | Gained mutation: You are frail. (-10% HP) [an orb of fire]
 57326 | Zot:5    | Killed an orb of fire
 57420 | Zot:5    | Noticed an orb of fire
 57430 | Zot:5    | Killed an orb of fire
 57537 | Zot:5    | Lost mutation: You are clumsy. (Dex -2) [potion of
                  | mutation]
 57537 | Zot:5    | Lost mutation: Your mind is acute. (Int +4, Str/Dex -1)
                  | [potion of mutation]
 57537 | Zot:5    | Gained mutation: You are very frail. (-20% HP) [potion of
                  | mutation]
 57537 | Zot:5    | Gained mutation: You have a pair of small antennae on your
                  | head. [potion of mutation]
 57538 | Zot:5    | Lost mutation: You have a pair of small antennae on your
                  | head. [potion of mutation]
 57538 | Zot:5    | Lost mutation: Your body sometimes deteriorates upon taking
                  | damage. [potion of mutation]
 57539 | Zot:5    | Lost mutation: You sometimes lose your temper in combat.
                  | [potion of mutation]
 57539 | Zot:5    | Lost mutation: You are very frail. (-20% HP) [potion of
                  | mutation]
 57539 | Zot:5    | Gained mutation: Your spells are a little easier to cast,
                  | but a little less powerful. [potion of mutation]
 57539 | Zot:5    | Gained mutation: You have hidden genetic potential. [potion
                  | of mutation]
 57540 | Zot:5    | Lost mutation: Your spells are a little easier to cast, but
                  | a little less powerful. [potion of mutation]
 57540 | Zot:5    | Lost mutation: You are frail. (-10% HP) [potion of
                  | mutation]
 57540 | Zot:5    | Lost mutation: You have hidden genetic potential. [potion
                  | of mutation]
 57540 | Zot:5    | Gained mutation: You have a pair of small horns on your
                  | head. [potion of mutation]
 57540 | Zot:5    | Gained mutation: You are strong-willed. (Will+) [potion of
                  | mutation]
 57540 | Zot:5    | Gained mutation: You are partially covered in iridescent
                  | scales. (AC +2) [potion of mutation]
 57729 | Zot:5    | Noticed a Killer Klown
 57734 | Zot:5    | Noticed an orb of fire
 57739 | Zot:5    | Killed a Killer Klown
 57745 | Zot:5    | Killed an orb of fire
 57838 | Zot:5    | Noticed a Killer Klown
 57845 | Zot:5    | Killed a Killer Klown
 57846 | Zot:5    | Noticed a Killer Klown
 57852 | Zot:5    | Killed a Killer Klown
 57938 | Zot:5    | Noticed an orb of fire
 57941 | Zot:5    | Gained mutation: Armour fits poorly on your strangely
                  | shaped body. [an orb of fire]
 57947 | Zot:5    | Noticed an orb of fire
 57949 | Zot:5    | Killed an orb of fire
 57952 | Zot:5    | Killed an orb of fire
 57952 | Zot:5    | Noticed an orb of fire
 57960 | Zot:5    | Gained mutation: You occasionally lose the ability to drink
                  | potions when taking damage. [an orb of fire]
 57963 | Zot:5    | Killed an orb of fire
 57970 | Zot:5    | Noticed a Killer Klown
 57977 | Zot:5    | Killed a Killer Klown
 58354 | Zot:5    | Reached skill level 15 in Evocations
 58399 | Zot:5    | Got the Orb of Zot
 58574 | Depths:3 | Reached XP level 26. HP: 177/177 MP: 42/42
 58627 | D:15     | Noticed Madok the pandemonium lord
 58781 | D:9      | Noticed Wesuyc the pandemonium lord
 58949 | D:$      | Escaped with the Orb!

Illustrated notes

Levels and vault maps discovered:
D:1:      minmay_arrival_up_and_down, layout_loops_ring, minmay_octomino_j4
D:2:      layout_basic, basic_altar, uniq_sigmund, uniq_natasha
D:3:      layout_rooms, cheibriados_altar_1,
          nicolae_concentric_dashed_squares_wild, uniq_grinder
D:4:      layout_loops_ring, temple_fountains, dk_rats_in_the_wall,
          uniq_blork_the_orc
D:5:      layout_basic
D:6:      layout_loops_ring, gammafunk_ghost_nasty_kobolds
D:7:      wander_river, layout_loops_cross, minmay_misc_feat_chi
D:8:      layout_cave_pools, uniq_joseph, uniq_amaemon
D:9:      layout_big_octagon, enter_bailey_6, uniq_psyche
D:10:     layout_long_grid, uniq_snorg
D:11:     layout_irregular_city, minmay_lair_entry_grove,
          kennysheep_orc_monster_closet_entryway
D:12:     layout_rooms, serial_demonic, serial_demonic_a, serial_demonic_c,
          serial_demonic_f, serial_demonic_g, serial_demonic_a,
          serial_demonic_d, serial_demonic_a, serial_demonic_a, chequers_jeans,
          minmay_lizard_king, uniq_azrael, uniq_nergalle
D:13:     cheibrodos_histonic, layout_long_grid
D:14:     layout_cave_pods, david_vaults_3, infiniplex_staircase_9_rooms,
          grunt_ogre_cave
D:15:     grunt_enter_depths_magical_seal, layout_stronghold, dk_noncrumbling_3,
          xom_redecorated
Lair:1:   layout_loops_ring, gammafunk_ghost_wrathful_warriors,
          grunt_megastairs_1
Lair:2:   layout_misc_corridors, minmay_shoals_entry_hut,
          guppyfry_snake_entry_island, portal_ice_cave_entry_pillars_1,
          serial_forest, infiniplex_forest_clump_diagonal,
          infiniplex_forest_straight_2, infiniplex_forest_end_1,
          infiniplex_forest_lined_room_3, infiniplex_forest_lined_room_3,
          infiniplex_forest_straight_2
Lair:3:   layout_chaotic_city
Lair:4:   layout_loops_ring, slime_entry_1
Lair:5:   minmay_lair_end_frog_pond, layout_regular_city, lemuel_fruit_fields,
          lemuel_fruit_tree
Shoals:1: layout_shoals, uniq_roxanne
Shoals:2: layout_shoals, nicolae_shoals_bring_sunscreen
Shoals:3: layout_shoals, uniq_ilsuiw, uniq_donald
Shoals:4: shoals_end_hellmonk_storm_palace [storm_palace_center_square,
          storm_palace_corner_altar, storm_palace_corner_narrow,
          storm_palace_corner_reverse_hut, storm_palace_corner_reverse_hut],
          serial_shops, uniq_polyphemus
Snake:1:  layout_basic, serial_shops, shop, serial_corexii_hall,
          corexii_hall_statues_deadend, corexii_hall_statues_s
Snake:2:  layout_basic, drop_trap, grunt_megastairs_5, minmay_shop_grove
Snake:3:  layout_grid_shapes, uniq_aizul
Snake:4:  snake_pit_salamanders_mu, layout_cave_town, serial_bayou_shore_b,
          serial_bayou_shore_b, minmay_shoptagon
Orc:1:    dreamdust_wu_jian_sword_trials, layout_caves, serial_shops, shop
Orc:2:    grunt_orc_cross, layout_caves
Elf:1:    layout_loops_corners, serial_shops, nicolae_shop_peninsula,
          minmay_elf_sorcery, uniq_asterion
Elf:2:    elven_hall_of_blades_hangedman_original [nicolae_blade_bullseye],
          layout_loops_cross, serial_shops, nicolae_shop_real_fake_doors,
          lemuel_flamethrower_3
Elf:3:    grunt_elf_hall_diamonds, layout_loops_cross, serial_shops,
          nicolae_shop_window_shopping, minivault_24
Vaults:1: hangedman_vaults_stretched_pinwheel, v_pattern_4,
          hangedman_vaults_corner_blocks, nicolae_vaults_what_the_h,
          vaults_standard_mumra_lines, nicolae_vaults_layer_cake_slice,
          v_rooms_4, nicolae_vaults_closet_pinwheel_1, v_misc_9,
          nicolae_vaults_diamond_1, nicolae_vaults_trapezoid_4,
          layout_vaults_big_room, serial_shops, bzr_entry_road, shop,
          nicolae_diamond_shop
Vaults:2: vaults_dpeg_hooks, vaults_standard_mumra_enter_the_diamond,
          nicolae_vaults_specimen_jars, nicolae_vaults_cornered_office,
          nicolae_vaults_hallways_thing, ontoclasm_vaults_claustrophobia,
          nicolae_vaults_steering_wheel, nicolae_vaults_house_3,
          nicolae_vaults_little_squares_4, nicolae_vaults_storage_room_water,
          ontoclasm_vaults_ligature, hangedman_vaults_impose,
          ontoclasm_vaults_shuriken, hangedman_vaults_slice, vaults_room_fours,
          nicolae_vaults_little_guard_posts, layout_vaults_ring
Vaults:3: vaults_room_pool, nicolae_vaults_little_squares_5,
          nicolae_vaults_meiosis, minmay_crypt_entry_simple_corners,
          nicolae_vaults_rhombus_5, nicolae_vaults_little_squares_5,
          nicolae_vaults_stepped_doors, ontoclasm_vaults_chip,
          nicolae_vaults_closet_pinwheel_4, vaults_mumra_minichess,
          nicolae_vaults_diamond_1, nicolae_vaults_trapezoid_1,
          layout_vaults_omnigrid, uniq_bai_suzhen, uniq_saint_roka
Vaults:4: nicolae_vaults_apartment_1, v_misc_25, vaults_room_stairs_pillars,
          v_rooms_1, v_misc_26, nicolae_vaults_diagonal_hallway_7,
          nicolae_vaults_doubleplus_tesselated, nicolae_vaults_house_1,
          ontoclasm_vaults_tryst, hangedman_vaults_river_flow,
          nicolae_vaults_mini_display_case, layout_vaults_omnicross
Vaults:5: serial_shops, uniq_margery
Depths:1: layout_gridlike, hangedman_geh_valley, chequers_serial_rivers_marsh,
          trog_three_pillars_becter, firewood_loft, minmay_shop_star,
          uniq_norris
Depths:2: nzn_winding_woodlands_medium [nzn_winding_woodlands_5x5_closed_star,
          nzn_winding_woodlands_5x15_garden,
          nzn_winding_woodlands_5x5_perimeter,
          nzn_winding_woodlands_5x5_default,
          nzn_winding_woodlands_center_triple_pond,
          nzn_winding_woodlands_5x5_checkerboard,
          nzn_winding_woodlands_5x5_open_star,
          nzn_winding_woodlands_5x15_concentric,
          nzn_winding_woodlands_5x5_cross], layout_gridville, hell_entry,
          grunt_decor_cap, pan_entry, serial_bayou_pond_b,
          minmay_staircase_statues
Depths:3: minmay_bad_star, layout_cave_pools, pf_hell_entry_tar_spiral,
          minmay_holes, ebering_ghost_xom, minmay_room_of_horrors
Depths:4: evilmike_zot_entry_argh, layout_long_grid, enter_ziggurat_d,
          nicolae_uskayaw_dance_hall, hellmouth_1, serial_sigils_hangedman_snap
Zot:1:    dreamdust_zin_vs_xom, layout_onion_interference, uniq_vv
Zot:2:    hangedman_zot_vaults_quadrants, layout_cathedral_of_symmetry,
          hangedman_zot_spectrum
Zot:3:    layout_onion_interference, gammafunk_ghost_arena, uniq_grunn
Zot:4:    layout_onion
Zot:5:    layout_basic, grunt_ministairs_7

Skill      XL: |  1  2  3  4  5  6  7  8  9 10 11 12 13 14 15 16 17 18 19 20 21 22 23 24 25 |
---------------+----------------------------------------------------------------------------+-----
Fighting       | 1 2 3 4 5 7 8 9 10 11 12 14 16 17 20 21 | 21.7
Stealth        | 1 3 |  3.0
Short Blades   | 2 |  2.0
Dodging        | 4 6 8 11 14 19 20 21 24 25 26 27 | 27.0
Ice Magic      | 2 4 6 |  6.0
Spellcasting   | 2 5 7 10 13 | 13.0
Ranged Weapons | 4 8 10 12 16 19 20 | 20.0
Invocations    | 2 5 8 9 10 12 | 12.0
Summonings     | 4 10 12 15 20 | 20.0
Evocations     | 2 6 10 15 | 15.0
Armour         | 3 5 6 |  6.0
Translocations | 8 |  8.0
Necromancy     | 5 10 | 10.0
Earth Magic    | 3 6 |  6.0
Unarmed Combat | |  2.4
Shapeshifting  | |  3.2

Action                     |  1- 3 |  4- 6 |  7- 9 | 10-12 | 13-15 | 16-18 | 19-21 | 22-24 | 25-27 || total
---------------------------+-------+-------+-------+-------+-------+-------+-------+-------+-------++-------
  Melee: Unarmed           |    15 |       |       |       |       |       |       |       |       ||    15
         Short sword       |    24 |       |       |       |       |       |       |       |       ||    24
         Dagger            |    77 |   117 |   273 |   127 |     4 |       |       |       |       ||   598
         Punch             |     2 |     1 |     4 |     9 |     1 |       |       |       |       ||    17
   Fire: Sling             |       |       |   214 |    86 |       |       |       |       |       ||   300
         Shortbow          |       |       |       |    60 |       |       |       |       |       ||    60
         Orcbow            |       |       |       |   396 |  1155 |  1488 |   555 |       |       ||  3594
         Longbow           |       |       |       |       |       |       |  1134 |  1731 |   504 ||  3369
  Throw: Dart              |       |     1 |       |       |       |       |       |       |       ||     1
   Cast: Frozen Ramparts   |       |       |     1 |    31 |    42 |    33 |    17 |     7 |       ||   131
         Freeze            |       |       |     1 |       |       |     2 |       |       |       ||     3
         Hailstorm         |       |       |       |    11 |     6 |     4 |       |       |       ||    21
         Summon Ice Beast  |       |       |       |    23 |    25 |     3 |     1 |       |       ||    52
         Portal Projectile |       |       |       |       |     1 |     4 |    10 |    12 |     3 ||    30
         Monstrous Menager |       |       |       |       |       |   115 |    71 |    46 |     5 ||   237
         Ozocubu's Armour  |       |       |       |       |       |       |     1 |     1 |       ||     2
         Summon Mana Viper |       |       |       |       |       |       |       |     7 |     1 ||     8
         Passwall          |       |       |       |       |       |       |       |     1 |       ||     1
         Summon Hydra      |       |       |       |       |       |       |       |    17 |     1 ||    18
         Borgnjor's Vile C |       |       |       |       |       |       |       |     9 |     4 ||    13
         Blink             |       |       |       |       |       |       |       |     1 |       ||     1
         Summon Horrible T |       |       |       |       |       |       |       |     2 |    10 ||    12
 Invoke: Bend Time         |       |       |     1 |     4 |     1 |       |       |     1 |       ||     7
         Slouch            |       |       |       |     2 |     4 |     4 |     2 |     5 |     8 ||    25
         Temporal Distorti |       |       |       |     1 |       |       |       |       |     1 ||     2
  Evoke: Wand              |       |       |     6 |    11 |     9 |    10 |     1 |     7 |       ||    44
         Phantom mirror    |       |       |       |       |     1 |     1 |       |     1 |       ||     3
         Lightning rod     |       |       |       |       |       |       |       |       |     4 ||     4
         Box of beasts     |       |       |       |       |       |       |       |       |     1 ||     1
    Use: Potion            |       |     1 |     2 |     2 |     1 |       |       |     3 |    12 ||    21
         Scroll            |       |       |     6 |    13 |    14 |     3 |     8 |     7 |     6 ||    57
   Stab: Sleeping          |     4 |     2 |     4 |       |       |       |       |       |       ||    10
         Paralysed         |       |       |     4 |     3 |     3 |       |       |       |       ||    10
 Armour: Animal skin       |    26 |     2 |       |       |       |       |       |       |       ||    28
         Leather armour    |       |    29 |    69 |    61 |       |       |       |       |       ||   159
         Skin              |       |     5 |    28 |       |       |       |       |       |       ||    33
         Acid dragon scale |       |       |       |    11 |       |       |       |       |       ||    11
         Troll leather arm |       |       |       |    67 |    83 |    88 |   100 |   108 |    13 ||   459
  Dodge: Dodged            |    61 |   122 |   232 |   455 |   503 |   999 |  1021 |  1188 |   338 ||  4919
         Repelled          |       |       |       |     3 |    13 |    14 |       |       |       ||    30
         Form:             |       |       |     1 |       |       |       |       |       |       ||     1

Table legend: (Time is in decaauts)
 A = Elapsed time spent in this place.
 B = Non-inter-level travel time spent in this place.
 C = Inter-level travel time spent in this place.
 D = Time resting spent in this place.
 E = Time spent auto-exploring this place.
 F = Levels seen in this place.
 G = Mean time per level.
                   A        B        C        D        E       F      G
               +--------+--------+--------+--------+--------+-----+--------+
         Total |  85837 |  76419 |   9418 |  15377 |  42321 |  49 | 1751.8 |
       Dungeon |  25092 |  20856 |   4236 |   4497 |  12097 |  15 | 1672.8 |
          Lair |   8896 |   7868 |   1028 |   1104 |   4927 |   5 | 1779.2 |
        Shoals |   9069 |   8257 |    812 |   2486 |   3571 |   4 | 2267.2 |
     Snake Pit |   8593 |   7741 |    852 |   1823 |   3964 |   4 | 2148.2 |
  Orcish Mines |   3344 |   2924 |    420 |    241 |   1808 |   2 | 1672.0 |
   Elven Halls |   6100 |   5750 |    350 |    868 |   3370 |   3 | 2033.3 |
        Vaults |  12126 |  11502 |    624 |   1380 |   7454 |   5 | 2425.2 |
        Depths |   9540 |   8683 |    857 |   2181 |   4605 |   4 | 2385.0 |
           Zot |   2974 |   2740 |    234 |    793 |    481 |   5 |  594.8 |
        Bazaar |     89 |     89 |      0 |      0 |     43 |   1 |   89.0 |
      Ice Cave |      8 |      8 |      0 |      0 |      0 |   1 |    8.0 |
               +--------+--------+--------+--------+--------+-----+--------+

Top non-repeatable levels by time:
 Snake:4: 3157 daAuts
    D:11: 3108 daAuts
Depths:4: 2976 daAuts
Vaults:5: 2748 daAuts
Shoals:4: 2683 daAuts
Vaults:2: 2595 daAuts
     D:8: 2460 daAuts
Depths:2: 2446 daAuts
Vaults:3: 2426 daAuts
Shoals:3: 2424 daAuts
   Elf:3: 2317 daAuts
Vaults:4: 2242 daAuts
    D:13: 2210 daAuts
   Elf:1: 2177 daAuts
 Snake:2: 2168 daAuts
